 Dungeon Crawl Stone Soup version 0.26-a0-854-gdc81c2f471 (webtiles) character file.

Game seed: 6656484098389746390

155 iamoutofideas the Grasshopper (level 5, -1/43 HPs)
             Began as a Gnoll Warper on Nov 23, 2020.
             Slain by an ogre
             ... wielding a +0 giant club
              (29 damage)
             ... on level 3 of the Dungeon.
             The game lasted 00:02:23 (3980 turns).

iamoutofideas the Grasshopper (Gnoll Warper)        Turns: 3980, Time: 00:02:24

Health: -1/43      AC:  6    Str: 14    XL:     5   Next: 37%
Magic:  6/12       EV: 14    Int: 15    God:
Gold:   122        SH:  0    Dex: 15    Spells: 2/14 levels left

rFire    . . .     SeeInvis .   n - +2 war axe (vorpal)
rCold    . . .     Faith    .   (no shield)
rNeg     . . .     Spirit   .   c - +3 leather armour
rPois    .         Reflect  .   (no helmet)
rElec    .         Harm     .   (no cloak)
rCorr    .         Rampage  .   (no gloves)
MR       .....                  (no boots)
Stlth    ++........             (no amulet)
HPRegen  0.14/turn              (no ring)
MPRegen  0.13/turn              (no ring)

@: no status effects
A: distributed training, fangs 1, strong nose
a: no special abilities


You were on level 3 of the Dungeon.
You visited 1 branch of the dungeon, and saw 4 of its levels.

You collected 122 gold pieces.

Inventory:

Hand Weapons
 a - a +0 hand axe
 n - a +2 vorpal war axe (weapon)
Missiles
 e - 12 boomerangs of dispersal (quivered)
 i - 2 atropa-tipped darts
Armour
 b - a +0 leather armour
 c - a +3 leather armour (worn)
Scrolls
 d - a scroll of blinking
 g - a scroll of noise {unknown}
 h - 3 scrolls of teleportation {unknown}
 j - 6 scrolls of identify {unknown}
 l - a scroll of enchant weapon {unknown}
 o - a scroll of immolation {unknown}
 p - 2 scrolls of enchant armour {unknown}
 q - a scroll of remove curse {unknown}
Potions
 f - a potion of curing {unknown}
 k - 3 potions of might {unknown}
 m - 2 potions of mutation {unknown}
 r - 2 potions of resistance {unknown}
 s - a potion of ambrosia {unknown}


   Skills:
 + Level 4.8 Fighting
 + Level 1.4 Short Blades
 + Level 1.4 Long Blades
 + Level 4.8 Axes
 + Level 1.4 Maces & Flails
 + Level 1.4 Polearms
 + Level 1.4 Staves
 + Level 1.4 Slings
 + Level 1.4 Bows
 + Level 1.4 Crossbows
 + Level 3.0 Throwing
 + Level 3.0 Armour
 + Level 4.8 Dodging
 + Level 1.4 Stealth
 + Level 1.4 Shields
 + Level 1.4 Unarmed Combat
 + Level 5.2 Spellcasting
 + Level 1.1 Conjurations
 + Level 1.1 Hexes
 + Level 1.1 Summonings
 + Level 1.1 Necromancy
 + Level 5.5 Translocations
 + Level 1.1 Transmutations
 + Level 1.1 Fire Magic
 + Level 1.1 Ice Magic
 + Level 1.1 Air Magic
 + Level 1.1 Earth Magic
 + Level 1.1 Poison Magic
 + Level 1.6 Invocations
 + Level 1.4 Evocations


You had 2 spell levels left.
You knew the following spells:

 Your Spells              Type           Power        Failure   Level
a - Blink                 Tloc           N/A          3%          2
b - Gell's Gravitas       Tloc           ###.......   6%          3
c - Teleport Other        Tloc           ###.....     6%          3
d - Passage of Golubria   Tloc           N/A          21%         4

Your spell library contained the following spells:

 Spells                   Type           Power        Failure   Level
 Lesser Beckoning         Tloc           ###.......   6%          3


Dungeon Overview and Level Annotations

Branches:
Dungeon (4/15)             Temple (0/1) D:4

Altars:
Yredelemnul


Innate Abilities, Weirdness & Mutations

Your experience applies equally to all skills.
You have very sharp teeth.
Your uncanny sense of smell can sniff out nearby items.


Message History

The hound skeleton bites you but does no damage.
You climb upwards.
There is a stone staircase leading down here.
Unknown command.
Casting: Teleport Other (dangerous; 6% risk of failure)
Confirm with . or Enter, or press ? or * to list all spells.
Aiming: Teleport Other (dangerous; 6% risk of failure)
Press: ? - help, Shift-Dir - straight line, f - ogre
Aim: an ogre, wielding a +0 giant club (lightly wounded, chance to defeat MR: 59%)
The ogre resists with significant effort.
Unknown command.
Casting: Teleport Other (dangerous; 6% risk of failure)
Confirm with . or Enter, or press ? or * to list all spells.
Aiming: Teleport Other (dangerous; 6% risk of failure)
Press: ? - help, Shift-Dir - straight line, f/p - ogre
Aim: an ogre, wielding a +0 giant club (lightly wounded, chance to defeat MR: 59%)
The ogre looks slightly unstable.
The ogre hits you with a +0 giant club!!
Ouch! That really hurt!
You die...

####.#.#######............#
.....#...........######.#.#
##############....# #.######### #
#..............#####.# #.....
####.#########..).......####.....
...................##...#_.......
#..................##.#.####.....
####.##.##.###.....##.#.# #.....
####.##(##.###.O@..##.#.#########
.......(..)[..............#.# #
(.)........###...######.###.# #
.#####(.##.# ###.######.# #.# #
.#####..##.# #........###.# #
...........# ########..##.#
.#####..##.# #<.##.# .# #..##.#
#..##.# .# #.....## #..##.#


You could see an ogre.

Vanquished Creatures
  A jelly (D:3)
  6 adders
  An ooze (D:4)
  3 worms
  2 dart slugs
  3 leopard geckos
  An orc (D:3)
  7 goblins
  6 hobgoblins
  6 kobolds
  4 quokkas
  A ball python (D:2)
  3 bats (D:2)
  A frilled lizard (D:2)
  2 gnoll zombies (D:3)
  9 rats
56 creatures vanquished.

Notes
Turn   | Place    | Note
-------+----------+-------------------------------------------
     0 | D:1      | iamoutofideas the Gnoll Warper began the quest for the Orb.
     0 | D:1      | Reached XP level 1. HP: 20/20 MP: 6/6
   182 | D:1      | Reached XP level 2. HP: 26/26 MP: 7/7
   813 | D:2      | Reached skill level 5 in Spellcasting
   813 | D:2      | Reached XP level 3. HP: 15/31 MP: 7/9
  1405 | D:2      | Reached skill level 1 in Invocations
  1567 | D:2      | Reached skill level 1 in Short Blades
  1567 | D:2      | Reached skill level 1 in Long Blades
  1567 | D:2      | Reached skill level 1 in Maces & Flails
  1567 | D:2      | Reached skill level 1 in Polearms
  1567 | D:2      | Reached skill level 1 in Staves
  1567 | D:2      | Reached skill level 1 in Slings
  1567 | D:2      | Reached skill level 1 in Bows
  1567 | D:2      | Reached skill level 1 in Crossbows
  1567 | D:2      | Reached skill level 1 in Stealth
  1567 | D:2      | Reached skill level 1 in Shields
  1567 | D:2      | Reached skill level 1 in Unarmed Combat
  1567 | D:2      | Reached skill level 1 in Evocations
  2330 | D:3      | Reached XP level 4. HP: 24/38 MP: 11/11
  3015 | D:3      | Reached skill level 1 in Conjurations
  3015 | D:3      | Reached skill level 1 in Hexes
  3015 | D:3      | Reached skill level 1 in Summonings
  3015 | D:3      | Reached skill level 1 in Necromancy
  3015 | D:3      | Reached skill level 1 in Transmutations
  3015 | D:3      | Reached skill level 1 in Fire Magic
  3015 | D:3      | Reached skill level 1 in Ice Magic
  3015 | D:3      | Reached skill level 1 in Air Magic
  3015 | D:3      | Reached skill level 1 in Earth Magic
  3015 | D:3      | Reached skill level 1 in Poison Magic
  3043 | D:3      | Reached XP level 5. HP: 7/43 MP: 12/12
  3297 | D:3      | Learned a level 2 spell: Blink
  3301 | D:3      | Learned a level 3 spell: Gell's Gravitas
  3305 | D:3      | Learned a level 3 spell: Teleport Other
  3310 | D:3      | Learned a level 4 spell: Passage of Golubria
  3628 | D:3      | Found a basalt altar of Yredelemnul.
  3781 | D:4      | Noticed an ogre
  3789 | D:4      | Found a staircase to the Ecumenical Temple.
  3980 | D:3      | Slain by an ogre

Illustrated notes

Levels and vault maps discovered:
D:1:      sevenhm_arrival_forest_fort_large_4, layout_basic
D:2:      layout_basic
D:3:      layout_loops_ring, lemuel_zombie_altar_yredelemnul
D:4:      layout_loops_ring, minmay_temple_entry_ruins,
          gammafunk_ghost_stat_death

Skill      XL: |  1  2  3  4  5 |
---------------+----------------+-----
Spellcasting   | 5 |  5.2
Invocations    | 1 |  1.6
Short Blades   | 1 |  1.4
Long Blades    | 1 |  1.4
Maces & Flails | 1 |  1.4
Polearms       | 1 |  1.4
Staves         | 1 |  1.4
Slings         | 1 |  1.4
Bows           | 1 |  1.4
Crossbows      | 1 |  1.4
Stealth        | 1 |  1.4
Shields        | 1 |  1.4
Unarmed Combat | 1 |  1.4
Evocations     | 1 |  1.4
Conjurations   | 1 |  1.1
Hexes          | 1 |  1.1
Summonings     | 1 |  1.1
Necromancy     | 1 |  1.1
Transmutations | 1 |  1.1
Fire Magic     | 1 |  1.1
Ice Magic      | 1 |  1.1
Air Magic      | 1 |  1.1
Earth Magic    | 1 |  1.1
Poison Magic   | 1 |  1.1
Throwing       | 3 |  3.0
Armour         | 3 |  3.0
Fighting       | |  4.8
Axes           | |  4.8
Dodging        | |  4.8
Translocations | |  5.5

Action                   |  1- 3 |  4- 6 || total
-------------------------+-------+-------++-------
Melee: Hand axe          |   110 |    37 ||   147
       Bite              |    12 |     7 ||    19
       War axe           |       |    34 ||    34
Throw: Boomerang         |       |     1 ||     1
 Cast: Teleport Other    |       |     4 ||     4
 Stab: Sleeping          |     2 |     1 ||     3
Armor: Leather armour    |    20 |    19 ||    39
Dodge: Dodged            |    78 |    58 ||   136

Table legend: (Time is in decaauts)
 A = Elapsed time spent in this place.
 B = Non-inter-level travel time spent in this place.
 C = Inter-level travel time spent in this place.
 D = Time resting spent in this place.
 E = Time spent auto-exploring this place.
 F = Levels seen in this place.
 G = Mean time per level.
                   A        B        C        D        E       F      G
               +--------+--------+--------+--------+--------+-----+--------+
         Total |   4000 |   3922 |     78 |   1260 |   2191 |   4 | 1000.0 |
       Dungeon |   4000 |   3922 |     78 |   1260 |   2191 |   4 | 1000.0 |
               +--------+--------+--------+--------+--------+-----+--------+

Top non-repeatable levels by time:
     D:3: 1592 daAuts
     D:2: 1521 daAuts
     D:1: 792 daAuts
     D:4: 93 daAuts
